 Dungeon Crawl Stone Soup version 0.19.0-19-g8c6edcc (webtiles) character file.

96684 theElss the Scorcher (level 15, 0/99 HPs)
             Began as a High Elf Conjurer on Nov 9, 2016.
             Was a High Priest of Vehumet.
             Killed from afar by a thorn hunter (20 damage)
             ... with a volley of thorns
             ... on level 3 of the Swamp on Nov 12, 2016.
             The game lasted 02:13:36 (34870 turns).

theElss the Scorcher (High Elf Conjurer)           Turns: 34870, Time: 02:13:37

Health: 0/99       AC:  9    Str:  7    XL:     15   Next: 69%
Magic:  10/34      EV: 12    Int: 32    God:    Vehumet [*****.]
Gold:   1590       SH:  9    Dex: 21    Spells: 6 memorised, 26 levels left

rFire  + . .     SeeInvis .     m - +2 dagger (venom)
rCold  + . .     Gourm    +     f - +1 leather armour "Fenetsuk" {rF+ rCorr Int+6}
rNeg   . . .     Faith    .     d - +3 warlock's mirror {reflect}
rPois  +         Spirit   .     O - +0 helmet (curse)
rElec  .         Reflect  +     Z - +1 cloak
rCorr  +         Harm     .     D - +0 pair of gloves (curse)
MR     ++...                    t - +0 pair of boots
Stlth  +.........               V - amulet of the gourmand
                                T - ring of poison resistance
                                a - ring of the Republic {Wiz rC+ MR+ Dex+4}

@: no status effects
A: no striking features
a: Renounce Religion


You were on level 3 of the Swamp.
You worshipped Vehumet.
Vehumet was extremely pleased with you.
You were full.

You visited 4 branches of the dungeon, and saw 21 of its levels.
You also visited: Labyrinth, Ossuary and Ice Cave.

You collected 2143 gold pieces.
You spent 553 gold pieces at shops.

Inventory:

Hand Weapons
 m - a +2 dagger of venom (weapon)
Armour
 d - the +3 warlock's mirror (worn) {reflect}
   (You took it off a minotaur in a labyrinth)
 f - the +1 leather armour "Fenetsuk" (worn) {rF+ rCorr Int+6}
   (You found it on level 6 of the Dungeon)

   It affects your intelligence (+6).
   It protects you from fire.
   It protects you from acid and corrosion.
 t - a +0 pair of boots (worn)
 D - a cursed +0 pair of gloves (worn)
 O - a cursed +0 helmet (worn)
 Z - a +1 cloak (worn)
Jewellery
 a - the ring of the Republic (left hand) {Wiz rC+ MR+ Dex+4}
   (You took it off a minotaur in a labyrinth)

   [ring of wizardry]

   It improves your spell success rate.
   It affects your dexterity (+4).
   It protects you from cold.
   It affects your resistance to hostile enchantments.
 h - a +6 ring of intelligence
 l - a +2 ring of protection
 q - an uncursed ring of fire
 r - an uncursed ring of positive energy
 s - an uncursed ring of positive energy
 E - the ring of the Illusory Nights {rF+ Str+6}
   (You took it off a red devil on level 6 of the Lair of Beasts)

   [ring of protection from fire]

   It affects your strength (+6).
   It protects you from fire.
 T - a ring of poison resistance (right hand)
 V - an amulet of the gourmand (around neck)
 Y - an uncursed ring of resist corrosion
Wands
 n - a wand of disintegration (12/24)
 o - a wand of teleportation (2/9)
 A - a wand of disintegration (17/24)
 L - a wand of polymorph (3/24)
 M - a wand of flame (28/48)
Scrolls
 e - 4 scrolls of identify
 k - a scroll of silence
 p - 9 scrolls of teleportation
 u - 4 scrolls of fear
 v - 4 scrolls of fog
 x - 3 scrolls of summoning
 R - a scroll of blinking
 U - 2 scrolls of magic mapping
 X - 17 scrolls of remove curse
Potions
 g - a potion of ambrosia
 j - 2 potions of might
 N - 12 potions of curing
 Q - 4 potions of magic
Miscellaneous
 I - a phantom mirror
 J - a phial of floods
 K - a disc of storms
 P - a fan of gales
 W - a sack of spiders
Comestibles
 b - 5 fruits
 c - 12 bread rations
 i - 5 meat rations
 z - a royal jelly
 B - a beef jerky


   Skills:
 + Level 8.0 Fighting
 - Level 2.1 Dodging
 - Level 2.1 Stealth
 - Level 6.0 Shields
 - Level 14.4 Spellcasting
 - Level 14.5 Conjurations
 - Level 16.2 Fire Magic
 * Level 8.6 Evocations


You had 26 spell levels left.
You knew the following spells:

 Your Spells              Type           Power        Failure   Level  Hunger
a - Magic Dart            Conj           ####         0%          1    None
b - Iskenderun's Battles  Conj/Chrm      ######..     1%          5    None
c - Searing Ray           Conj           ######       0%          2    None
d - Iskenderun's Mystic   Conj           #######.     1%          4    None
e - Flame Tongue          Conj/Fire      #####        0%          1    None
f - Mephitic Cloud        Conj/Pois/Air  ######..     1%          3    None


Dungeon Overview and Level Annotations

Branches:
Dungeon (11/15)            Temple (1/1) D:7            Lair (6/6) D:8
  Swamp (3/4) Lair:2        Snake (0/4) Lair:2        Slime (0/5) Lair:6
    Orc (0/2) D:9

Altars:
Ashenzari
Cheibriados
Dithmenos
Elyvilon
Fedhas
Gozag
Hepliaklqana
Kikubaaqudgha
Makhleb
Nemelex Xobeh
Okawaru
Qazlal
Ru
Sif Muna
Trog
Uskayaw
Vehumet
Xom
Yredelemnul
Zin
The Shining One

Shops:
D:7 (   D:9 ?   D:10 (*

Portals:
Hell: Lair:6


Message History

The barrage of energy hits the thorn hunter.
The thorn hunter is severely damaged.
The thorn hunter fires a volley of thorns at you.
The volley of thorns hits you!
Casting: Iskenderun's Mystic Blast
Confirm with . or Enter, or press ? or * to list all spells.
Aiming: Iskenderun's Mystic Blast
Press: ? - help, Shift-Dir - straight line, f/p - thorn hunter
Aim: a thorn hunter (severely damaged)
The orb of energy hits the thorn hunter.
The thorn hunter is almost destroyed.
Your battlesphere fires!
The barrage of energy hits the thorn hunter.
The thorn hunter is almost destroyed.
The thorn hunter fires a volley of thorns at you.
The volley of thorns hits you!
* * * LOW HITPOINT WARNING * * *
The thorn hunter fires a volley of thorns at you.
The volley of thorns hits you!
You die...

≈..≈≈≈.<.♣
≈≈......?......
≈≈≈.≈≈.≈≈≈.≈≈≈.#
.≈≈≈..fP≈≈.≈≈§..
≈...PPPP....♣..
≈♣.PPPPP*..♣♣ .
♣≈§≈≈....≈♣♣.#
.♣.≈≈≈≈...≈..# .
♣♣.≈≈@≈.≈≈§.#
≈.♣♣≈≈≈.≈≈≈≈≈≈..
..≈.≈≈≈.≈≈§.♣...
.≈≈.≈≈≈...≈♣♣ .
≈≈≈.≈.≈<≈≈♣♣
♣≈≈≈♣(≈≈≈≈♣
♣♣♣♣♣≈≈≈≈≈.♣
♣≈≈≈≈....
♣≈.≈≈≈♣....


You could see a thorn hunter and a friendly battlesphere.

Vanquished Creatures
  Nikola (Swamp:1)
  A thorn hunter (Swamp:2)
  Donald (Swamp:2)
  A frost giant (IceCv)
  3 dire elephants
  A minotaur (Lab)
  12 hydras
  3 ghost crabs
  A catoblepas (Lair:5)
  8 alligators
  13 death yaks
  A centaur warrior (D:10)
  A sun demon (Lair:6)
  A fire crab (D:10)
  A sixfirhy (Lair:6)
  An unseen horror (D:11)
  A wizard (Lair:6)
  2 hill giants
  A swamp dragon (Swamp:1)
  A naga ritualist (Lair:2)
  A shambling mangrove (Swamp:1)
  A manticore (D:10)
  15 elephants
  Joseph (D:7)
  An ice statue (Lair:5)
  4 black mambas
  A smoke demon (Lair:6)
  24 spiny frogs
  A gargoyle (D:10)
  4 orange demons (Lair:6)
  4 rime drakes
  7 komodo dragons
  4 ice devils
  12 polar bears
  2 red devils (Lair:6)
  3 trolls
  3 tyrant leeches
  Grinder (D:6)
  4 hornets
  The ghost of herpmino the Slasher, an amateur DsAK of Lugonu (D:6)
  2 two-headed ogres
  6 bog bodies
  7 hippogriffs
  5 dream sheep (Lair:5)
  23 blink frogs
  2 spriggans
  A shadow (Swamp:1)
  3 wyverns
  44 yaks
  2 wraiths (D:10)
  Eustachio (D:6)
  7 vampire mosquitoes
  2 hungry ghosts (Lab)
  Menkaure (D:6)
  18 insubstantial wisps (Swamp:1)
  2 wargs (D:9)
  8 water moccasins
  10 swamp worms
  2 swamp drakes
  12 porcupines
  6 ice beasts
  4 sky beasts
  A black bear (D:10)
  A phantom (D:9)
  5 orc warriors
  6 ogres
  27 wolves
  14 crocodiles
  15 bullfrogs
  5 big kobolds
  2 scorpions
  18 killer bees
  A wight (D:10)
  2 howler monkeys
  2 quasits
  4 centaur zombies
  5 crimson imps
  A human zombie (Ossuary)
  A bullfrog zombie (D:5)
  8 jellies
  5 hounds
  Crazy Yiuf (D:3)
  5 orc priests
  5 orc wizards
  4 bullfrog skeletons
  9 worker ants
  An iguana (D:10)
  A killer bee zombie (D:7)
  2 ogre zombies (Ossuary)
  3 hound zombies
  8 mummies
  A hound skeleton (D:7)
  A howler monkey skeleton (D:5)
  3 worker ant zombies
  7 gnolls
  21 adders
  2 river rats (D:8)
  A shadow imp (D:11)
  14 white imps
  2 oozes
  4 adder zombies
  A worm (D:6)
  2 dart slugs (D:2)
  5 leopard geckos
  40 orcs
  11 giant cockroaches
  A gnoll zombie (Ossuary)
  42 goblins
  24 hobgoblins
  8 jackals
  6 quokkas
  2 ball pythons
  A ball python skeleton (D:5)
  5 bats
  5 frilled lizards
  2 goblin zombies (Ossuary)
  4 hobgoblin zombies
  21 kobolds
  3 kobold zombies (Ossuary)
  An orc zombie (D:8)
  5 quokka zombies (Ossuary)
  12 rats
  7 rat zombies (Ossuary)
  A briar patch (Swamp:3)
  A fungus (Lair:5)
745 creatures vanquished.

Vanquished Creatures (others)
  2 polar bears (IceCv)
  A yak (IceCv)
  79 fungi
  45 plants
127 creatures vanquished.

Grand Total: 872 creatures vanquished

Notes
Turn   | Place    | Note
-------+----------+-------------------------------------------
     0 | D:1      | theElss the High Elf Conjurer began the quest for the Orb.
     0 | D:1      | Reached XP level 1. HP: 11/11 MP: 4/4
   299 | D:1      | Reached XP level 2. HP: 17/17 MP: 0/6
   454 | D:1      | Reached skill level 5 in Conjurations
  1131 | D:1      | Reached XP level 3. HP: 8/21 MP: 0/7
  1137 | D:1      | Learned a level 2 spell: Searing Ray
  1829 | D:2      | Reached XP level 4. HP: 27/27 MP: 6/9
  2284 | D:3      | Found a faded altar of an unknown god.
  2695 | D:3      | Reached XP level 5. HP: 31/31 MP: 6/10
  3066 | D:3      | Found a runed door.
  3283 | D:3      | Noticed Crazy Yiuf
  3289 | D:3      | Killed Crazy Yiuf
  3606 | D:4      | Noticed an ogre
  3651 | D:4      | Learned a level 4 spell: Iskenderun's Mystic Blast
  3657 | D:4      | Learned a level 5 spell: Iskenderun's Battlesphere
  3672 | D:4      | Reached XP level 6. HP: 36/36 MP: 8/13
  4108 | D:5      | Entered Level 5 of the Dungeon
  4567 | D:5      | Found a white marble altar of Elyvilon.
  4576 | D:5      | Reached skill level 5 in Spellcasting
  4871 | D:5      | Reached XP level 7. HP: 41/41 MP: 8/16
  6658 | D:6      | Got an ichor-stained leather armour
  6672 | D:6      | Noticed herpmino's ghost (amateur DsAK)
  6719 | D:5      | Identified the +1 leather armour "Fenetsuk" {rF+ rCorr Int+6} (You found it on level 6 of the Dungeon)
  6735 | D:6      | Reached XP level 8. HP: 46/46 MP: 13/19
  6897 | D:6      | Noticed Menkaure
  6911 | D:6      | Killed Menkaure
  7279 | D:6      | Noticed Grinder
  7281 | D:6      | Noticed Eustachio
  7285 | D:6      | Killed Grinder
  7715 | D:7      | Reached skill level 10 in Conjurations
  8053 | D:7      | Noticed a troll
  8144 | D:6      | Killed Eustachio
  8144 | D:6      | Reached XP level 9. HP: 51/51 MP: 9/23
  8320 | D:6      | Killed herpmino's ghost
  8678 | D:7      | Killed a troll
  8749 | D:7      | Reached skill level 10 in Spellcasting
  8807 | D:7      | Found Veno's Antique Weapon Shop.
  8841 | D:7      | Noticed Joseph
  8847 | D:7      | Killed Joseph
  8961 | D:7      | Found a staircase to the Ecumenical Temple.
  8977 | Temple   | Entered the Ecumenical Temple
  8984 | Temple   | Became a worshipper of Vehumet
  9694 | D:8      | Found a sand-covered staircase.
  9699 | Ossuary  | Entered an ossuary
 10000 | Ossuary  | Reached * piety under Vehumet
 10000 | Ossuary  | Offered knowledge of Flame Tongue by Vehumet.
 10003 | Ossuary  | Learned a level 1 spell: Flame Tongue
 10525 | Ossuary  | Reached skill level 1 in Fire Magic
 10761 | D:8      | Reached ** piety under Vehumet
 10911 | D:8      | Offered knowledge of Sting by Vehumet.
 10935 | D:8      | Found a staircase to the Lair.
 11069 | D:8      | Reached XP level 10. HP: 54/56 MP: 16/26
 11291 | D:8      | Reached skill level 2 in Fire Magic
 12391 | D:9      | Found a staircase to the Orcish Mines.
 12395 | D:9      | Offered knowledge of Ignite Poison by Vehumet.
 12396 | D:9      | Reached skill level 3 in Fire Magic
 12738 | D:9      | Reached *** piety under Vehumet
 12898 | D:9      | Found Qijimm's Magic Scroll Shoppe.
 12907 | D:9      | Bought a scroll of blinking for 105 gold pieces
 12907 | D:9      | Bought a scroll of magic mapping for 49 gold pieces
 12907 | D:9      | Bought a scroll of enchant weapon for 105 gold pieces
 12907 | D:9      | Bought a scroll of silence for 105 gold pieces
 12907 | D:9      | Bought a scroll of summoning for 133 gold pieces
 12907 | D:9      | Bought a scroll of identify for 28 gold pieces
 12907 | D:9      | Bought a scroll of identify for 28 gold pieces
 13108 | D:10     | Entered Level 10 of the Dungeon
 13252 | D:10     | Noticed a gargoyle
 13253 | D:10     | Killed a gargoyle
 13253 | D:10     | Offered knowledge of Sticky Flame by Vehumet.
 13461 | D:10     | Found Melia's General Store.
 13468 | D:10     | Found Voanwe's Antique Weapon Shoppe.
 13493 | D:10     | Learned a level 3 spell: Mephitic Cloud
 13563 | D:10     | Reached skill level 4 in Fire Magic
 13608 | D:10     | Noticed a fire crab
 13613 | D:10     | Killed a fire crab
 13736 | D:10     | Noticed a centaur warrior
 13738 | D:10     | Killed a centaur warrior
 13738 | D:10     | Reached XP level 11. HP: 29/61 MP: 14/28
 13824 | D:10     | Noticed a hill giant
 13826 | D:10     | Killed a hill giant
 14239 | D:10     | Reached **** piety under Vehumet
 14363 | D:10     | Reached skill level 5 in Fire Magic
 14505 | D:10     | Found a sparkling altar of Nemelex Xobeh.
 15017 | D:11     | Offered knowledge of Throw Icicle by Vehumet.
 15040 | D:11     | Found a labyrinth entrance.
 15068 | Lab      | Entered a labyrinth
 15495 | Lab      | Noticed a minotaur
 15500 | Lab      | Killed a minotaur
 15503 | Lab      | Got a sparkling glass ring
 15504 | Lab      | Got a heavily runed scale mail
 15533 | D:11     | Identified the ring of the Republic {Wiz rC+ MR+ Dex+4} (You took it off a minotaur in a labyrinth)
 16073 | D:11     | Noticed a hill giant
 16076 | D:11     | Killed a hill giant
 16212 | D:11     | Killed an unseen horror
 16212 | D:11     | Reached skill level 1 in Fighting
 16212 | D:11     | Reached skill level 1 in Shields
 16347 | D:11     | Noticed an eight-headed hydra
 16351 | D:11     | Killed an eight-headed hydra
 16351 | D:11     | Reached skill level 6 in Fire Magic
 16506 | Lair:1   | Entered Level 1 of the Lair of Beasts
 16703 | Lair:1   | Reached XP level 12. HP: 72/72 MP: 10/30
 16871 | Lair:1   | Reached ***** piety under Vehumet
 17038 | Lair:1   | Offered knowledge of Lee's Rapid Deconstruction by Vehumet.
 17440 | Lair:2   | Found a staircase to the Swamp.
 17931 | Lair:2   | Found a staircase to the Snake Pit.
 18268 | Lair:3   | Found a frozen archway.
 18321 | IceCv    | Entered an ice cave
 18485 | IceCv    | Reached skill level 5 in Shields
 18500 | IceCv    | Reached skill level 5 in Fighting
 18833 | IceCv    | Reached skill level 7 in Fire Magic
 18893 | IceCv    | Noticed a death yak
 18897 | IceCv    | Killed a death yak
 18993 | IceCv    | Reached skill level 8 in Fire Magic
 19354 | IceCv    | Noticed a frost giant
 19354 | IceCv    | Noticed a death yak
 19354 | IceCv    | Noticed a death yak
 19481 | IceCv    | Killed a frost giant
 19481 | IceCv    | Reached skill level 9 in Fire Magic
 19892 | IceCv    | Killed a death yak
 20214 | IceCv    | Killed a death yak
 20447 | Lair:3   | Reached skill level 10 in Fire Magic
 20455 | Lair:3   | Reached XP level 13. HP: 81/81 MP: 10/31
 22900 | Lair:4   | Identified a scroll of acquirement
 22931 | Lair:5   | Offered knowledge of Freezing Cloud by Vehumet.
 23086 | Lair:5   | Reached skill level 11 in Fire Magic
 23750 | Lair:5   | Reached skill level 12 in Fire Magic
 24502 | Lair:5   | Noticed a dire elephant
 24716 | Lair:5   | Killed a dire elephant
 24828 | Lair:5   | Reached skill level 13 in Fire Magic
 24828 | Lair:5   | Reached XP level 14. HP: 88/88 MP: 24/33
 25644 | Lair:6   | Entered Level 6 of the Lair of Beasts
 26018 | Lair:5   | Reached skill level 14 in Fire Magic
 26177 | Lair:6   | Offered knowledge of Orb of Destruction by Vehumet.
 27393 | Lair:6   | Reached skill level 15 in Fire Magic
 28054 | Lair:6   | Found a staircase to the Slime Pits.
 28834 | Lair:6   | Found a burning altar of Makhleb.
 28847 | Lair:6   | Reached skill level 16 in Fire Magic
 29318 | Lair:6   | Got a slimy glass ring
 29322 | Lair:6   | Found a gateway to Hell.
 29476 | Lair:2   | Identified the ring of the Illusory Nights {rF+ Str+6} (You took it off a red devil on level 6 of the Lair of Beasts)
 29945 | Lair:2   | Upgraded the game from 0.19.0-11-g3fc08b3 to 0.19.0-19-g8c6edcc
 29998 | Swamp:1  | Entered Level 1 of the Swamp
 30127 | Swamp:1  | Reached skill level 1 in Evocations
 30568 | Swamp:1  | Reached XP level 15. HP: 93/93 MP: 25/34
 30832 | Swamp:1  | Noticed Nikola
 30847 | Swamp:1  | Killed Nikola
 31236 | Swamp:1  | Reached skill level 5 in Evocations
 31729 | Swamp:1  | Offered knowledge of Bolt of Cold by Vehumet.
 32416 | Swamp:2  | Noticed Donald
 32421 | Swamp:2  | Killed Donald
 33872 | Swamp:2  | Noticed a thorn hunter
 33875 | Swamp:2  | Killed a thorn hunter
 34742 | Swamp:3  | Noticed a thorn hunter
 34870 | Swamp:3  | Killed from afar by a thorn hunter

Skill      XL: |  1  2  3  4  5  6  7  8  9 10 11 12 13 14 15 |
---------------+----------------------------------------------+-----
Conjurations   | 5 6 7 9 10 11 12 13 14 | 14.5
Spellcasting   | 3 4 5 7 9 11 12 13 14 | 14.4
Fire Magic     | 1 4 6 10 13 16 | 16.2
Fighting       | 3 5 8 |  8.0
Shields        | 2 6 |  6.0
Evocations     | 2 8 |  8.6
Dodging        | |  2.1
Stealth        | |  2.1

Action                   |  1- 3 |  4- 6 |  7- 9 | 10-12 | 13-15 || total
-------------------------+-------+-------+-------+-------+-------++-------
Melee: Unarmed           |     5 |       |       |       |       ||     5
       Short sword       |     1 |       |       |       |       ||     1
       Dagger            |     3 |     2 |    63 |     2 |     4 ||    74
 Cast: Magic Dart        |    89 |   126 |   226 |   178 |   174 ||   793
       Searing Ray       |     1 |     9 |    38 |    18 |     5 ||    71
       Iskenderun's Myst |       |       |    42 |   180 |   433 ||   655
       Iskenderun's Batt |       |       |    11 |    65 |   139 ||   215
       Mephitic Cloud    |       |       |       |     7 |    11 ||    18
       Flame Tongue      |       |       |       |       |     3 ||     3
  Use: Scroll            |       |       |    10 |     5 |     6 ||    21
 Stab: Sleeping          |       |       |     2 |       |       ||     2
  Eat: Chunk             |     3 |     9 |    12 |    22 |    49 ||    95
       Fruit             |       |       |     1 |     1 |       ||     2
       Meat ration       |       |       |     1 |       |       ||     1
       Pizza             |       |       |     1 |       |       ||     1
       Beef jerky        |       |       |     1 |       |       ||     1
       Royal jelly       |       |       |       |     2 |       ||     2
Armor: Robe              |     3 |     6 |     3 |       |       ||    12
       Leather armour    |       |       |    43 |    28 |    33 ||   104
Dodge: Dodged            |    20 |    17 |    71 |    43 |    69 ||   220
Block: Buckler           |       |       |       |    19 |    69 ||    88
       Reflection        |       |       |       |       |     3 ||     3
